 Dungeon Sprint DCSS version 0.31.0-12-g77e489cdc1 (webtiles) character file.

Game seed: 11402976096696811365

991 Groucho the Thaumaturge (level 7, 0/36 HPs)
             Began as a Spriggan Earth Elementalist on Mar 6, 2024.
             Was a High Priest of Sif Muna.
             Slain by a dream sheep (28 damage)
             ... in the Dungeon (Sprint VII: "The Pits").
             The game lasted 00:10:36 (2779 turns).

Groucho the Thaumaturge (SpEE)                      Turns: 2779, Time: 00:10:36

Health: 0/36       AC:  5    Str:  4    XL:     7   Next: 98%
Magic:  12/19      EV:  4    Int: 18    God:    Sif Muna [*****.]
Gold:   0          SH:  0    Dex: 16    Spells: 14/22 levels left

rFire   . . .        h - +2 dagger (venom)
rCold   . . .        (no shield)
rNeg    . . .        o - +0 steam dragon scales
rPois   .            (helmet restricted)
rElec   .            (no cloak)
rCorr   .            (gloves unavailable)
SInv    +            (boots unavailable)
Will    +....        (no amulet)
Stlth   ++++         (no ring)
HPRegen 0.26/turn    (no ring)
MPRegen 0.16/turn

%: no teleportation
@: sleeping, very quick
A: very small, no large weapons, unfitting armour, see invisible, speed 3
a: Renounce Religion, Channel Magic, Forget Spell, Divine Exegesis


You were in the Dungeon.
You worshipped Sif Muna.
Sif Muna was extremely pleased with you.
You visited 1 branch

Inventory:

Hand Weapons
 h - a +2 dagger of venom (weapon)
 n - a +2 dagger of electrocution
Missiles
 m - 10 stones
Armour
 o - +0 steam dragon scales (worn)
Scrolls
 g - a scroll of blinking
 j - 2 scrolls of vulnerability
 k - 5 scrolls of amnesia
 l - a scroll of butterflies
Potions
 b - 5 potions of magic
 c - 6 potions of curing
 d - 4 potions of heal wounds
 e - a potion of haste
 f - 3 potions of berserk rage
 i - 2 potions of invisibility


   Skills:
 + Level 3.1 Fighting
 + Level 5.1 Short Blades
 + Level 0.5 Armour
 + Level 3.1 Dodging
 + Level 7.2 Stealth
 + Level 8.4 Spellcasting
 * Level 7.1 Conjurations
 + Level 6.8 Earth Magic
 + Level 5.1 Alchemy
 + Level 6.5 Invocations


You had 14 spell levels left.
You knew the following spells:

 Your Spells              Type           Power      Damage    Failure   Level
a - Sandblast             Erth           64%        2d14      1%          1
b - Stone Arrow           Conj/Erth      64%        3d11      1%          3
c - Petrify               Alch/Erth      29%        N/A       8%          4

Your spell library contained the following spells:

 Spells                   Type           Power      Damage    Failure   Level
 Passwall                 Erth           32%        N/A       1%          3
 Brom's Barrelling Bould  Conj/Erth      32%        2d5       5%          4
 Dazzling Flash           Conj/Hex       40%        N/A       6%          3
 Slow                     Hex            28%        N/A       10%         1
 Vhi's Electric Charge    Tloc/Air       14%        N/A       67%         4
 Disjunction              Tloc           3%         N/A       100%        8


Dungeon Overview and Level Annotations

Branches:
Dungeon (1/1)

Altars:
Ashenzari
Cheibriados
Dithmenos
Elyvilon
Fedhas
Gozag
Hepliaklqana
Kikubaaqudgha
Makhleb
Nemelex Xobeh
Okawaru
Qazlal
Ru
Sif Muna
Trog
Uskayaw
Vehumet
Wu Jian
Xom
Yredelemnul
Zin
The Shining One
Jiyva
Lugonu


Innate Abilities, Weirdness & Mutations

You are very small and have problems with some larger weapons.
You are too small for most types of armour.
You have supernaturally acute eyesight. (SInv)
You cover ground extremely quickly. (Speed+++)


Message History

Unknown command.
Unknown command.
Unknown command.
Unknown command.
There is an open door here.
You hit the wolf.
The wolf is poisoned.
The wolf stops moving altogether!
The helpless wolf fails to defend itself.
You skewer the wolf like a kebab!!!
The wolf looks as sick as possible!
The wolf is almost dead.
The helpless wolf fails to defend itself.
You perforate the wolf like a sieve!!!
You kill the wolf!
Sif Muna accepts your kill.
Your Dodging skill increases to level 3!
Unknown command.
Unknown command.
Unknown command.
Unknown command.
Unknown command.
Casting: Petrify (quite dangerous; 8% risk of failure)
Confirm with . or Enter, or press ? or * to list all spells.
Aiming: Petrify (quite dangerous; 8% risk of failure)
Press: ? - help, Shift-Dir - straight line, f - dream sheep
Aim: a dream sheep (chance to affect: 50%)
The dream sheep is moving more slowly.
The dream sheep resists with some effort. x2
The dream sheep stops moving altogether!
The dream sheep misses you.
Unknown command.
Unknown command.
Unknown command.
You catch the helpless dream sheep completely off-guard!
You impale the dream sheep!!
The dream sheep looks as sick as possible!
The dream sheep is severely wounded.
The dream sheep are wreathed in dream dust.
You feel drowsy...
You fall asleep.
The dream sheep barely misses you. The dream sheep headbutts you!!
Ouch! That really hurt!
You die...

#.#..#.)).[##.......#
#'###########.......#
#.))....#.) #########
#..#.#..#.# ####
#.##.##.#)#....#
#......)#)#....#
#.##.##.#YYY.R.+
#..#.#..#Y#
#....[..@Y#
###########


You could see 5 dream sheep.

Vanquished Creatures
  A glass eye (D)
  A steam dragon (D)
  A sky beast (D)
  An orc warrior (D)
  A wolf (D)
  A phantom (D)
  A brain worm (D)
  A gnoll sergeant (D)
  A jelly (D)
  3 orc priests (D)
  An orc wizard (D)
  5 gnolls (D)
  An adder (D)
  5 orcs (D)
  An endoplasm (D)
  2 hobgoblins (D)
  A quokka (D)
  A ball python (D)
  A frilled lizard (D)
  A giant cockroach zombie (D)
31 creatures vanquished.

Notes
Turn   | Place    | Note
-------+----------+-------------------------------------------
     0 | D        | Groucho the Spriggan Earth Elementalist began the quest for
                  | the Orb.
     0 | D        | Reached XP level 1. HP: 9/9 MP: 5/5
    47 | D        | Found a bloodstained altar of Trog.
    47 | D        | Found a shimmering blue altar of Sif Muna.
    47 | D        | Found a viscous altar of Jiyva.
    47 | D        | Found a hazy altar of Hepliaklqana.
    47 | D        | Found an opulent altar of Gozag.
    48 | D        | Found a glowing golden altar of the Shining One.
    48 | D        | Found a glowing silver altar of Zin.
    48 | D        | Found a basalt altar of Yredelemnul.
    48 | D        | Found a shimmering altar of Xom.
    48 | D        | Found an ornate altar of the Wu Jian Council.
    48 | D        | Found a sacrificial altar of Ru.
    48 | D        | Found a stormy altar of Qazlal.
    48 | D        | Found an iron altar of Okawaru.
    48 | D        | Found a sparkling altar of Nemelex Xobeh.
    48 | D        | Found a burning altar of Makhleb.
    48 | D        | Found a blossoming altar of Fedhas.
    48 | D        | Found a white marble altar of Elyvilon.
    48 | D        | Found a shadowy altar of Dithmenos.
    48 | D        | Found a snail-covered altar of Cheibriados.
    50 | D        | Found a radiant altar of Vehumet.
    50 | D        | Found a corrupted altar of Lugonu.
    51 | D        | Found an ancient bone altar of Kikubaaqudgha.
    51 | D        | Found a hide-covered altar of Uskayaw.
    51 | D        | Found a broken altar of Ashenzari.
    52 | D        | Became a worshipper of Sif Muna the Loreminder
    64 | D        | Noticed a glass eye
    77 | D        | Killed a glass eye
    78 | D        | Reached skill level 5 in Spellcasting
    78 | D        | Reached XP level 2. HP: 13/13 MP: 1/9
    78 | D        | Reached XP level 3. HP: 16/16 MP: 1/11
    78 | D        | Reached XP level 4. HP: 21/21 MP: 1/12
    78 | D        | Reached XP level 5. HP: 24/24 MP: 1/14
   471 | D        | Reached * piety under Sif Muna
   669 | D        | Learned a level 3 spell: Stone Arrow
   674 | D        | Learned a level 4 spell: Petrify
   682 | D        | Noticed a sky beast
   697 | D        | Killed a sky beast
   698 | D        | Reached skill level 1 in Fighting
   698 | D        | Reached skill level 5 in Short Blades
   698 | D        | Reached skill level 6 in Spellcasting
   698 | D        | Reached skill level 5 in Conjurations
   698 | D        | Reached skill level 5 in Earth Magic
   698 | D        | Reached skill level 1 in Alchemy
   698 | D        | Reached XP level 6. HP: 15/30 MP: 10/16
   733 | D        | Reached ** piety under Sif Muna
  1198 | D        | Reached *** piety under Sif Muna
  1205 | D        | Reached skill level 5 in Invocations
  1337 | D        | Noticed an orc warrior
  1341 | D        | Killed an orc warrior
  1341 | D        | Reached **** piety under Sif Muna
  1342 | D        | Reached skill level 7 in Spellcasting
  1342 | D        | Reached XP level 7. HP: 35/35 MP: 10/18
  1357 | D        | Reached ***** piety under Sif Muna
  1412 | D        | Received a gift from Sif Muna
  1413 | D        | Got Sif Muna's Anthology of Non-Euclidean Charms {god gift}
  1717 | D        | Reached skill level 8 in Spellcasting
  2017 | D        | Noticed a steam dragon
  2024 | D        | Killed a steam dragon
  2025 | D        | Reached skill level 5 in Alchemy
  2766 | D        | Noticed a dream sheep
  2766 | D        | Noticed a dream sheep
  2766 | D        | Noticed a dream sheep
  2766 | D        | Noticed a dream sheep
  2766 | D        | Noticed a dream sheep
  2767 | D        | Noticed an efreet
  2779 | D        | Slain by a dream sheep

Illustrated notes

Levels and vault maps discovered:
D:        pitsprint [storerooms_1, entrance_room_1, metal_vault_5, armoury_2,
          mini_pit_1, grid_room_1, main_hall_1, silver_pit, the_coven_3,
          the_vestibule_1, steel_vault_5, golden_pit, hallway_of_sentries,
          crystal_vault_4, iron_vault_4, final_vault]

Skill      XL: |  1  2  3  4  5  6  7 |
---------------+----------------------+-----
Earth Magic    | 4 5 6 |  6.8
Short Blades   | 4 5 |  5.1
Stealth        | 7 |  7.2
Spellcasting   | 5 6 7 8 |  8.4
Conjurations   | 4 5 6 7 |  7.1
Invocations    | 4 5 6 |  6.5
Fighting       | 1 2 3 |  3.1
Alchemy        | 1 3 5 |  5.1
Dodging        | 3 |  3.1
Armour         | |  0.5

Action                     |  1- 3 |  4- 6 |  7- 9 || total
---------------------------+-------+-------+-------++-------
  Melee: Dagger            |     6 |     2 |     4 ||    12
   Cast: Sandblast         |     7 |    10 |       ||    17
         Stone Arrow       |       |    15 |    23 ||    38
         Petrify           |       |       |     2 ||     2
 Invoke: Channel Magic     |       |     1 |     1 ||     2
    Use: Potion            |       |     1 |     1 ||     2
   Stab: Petrified         |       |       |     2 ||     2
         Petrifying        |       |       |     1 ||     1
 Armour: Robe              |     1 |     5 |     7 ||    13
         Steam dragon scal |       |       |     4 ||     4
  Dodge: Dodged            |     1 |     8 |    10 ||    19
